Map: Overgrown Facility

Players

llllllllllll - Winner!

  • Race: Protoss Protoss
  • League: Master
  • Spawn Location: 3:00

icarusmaeser - Winner!

  • Race: Protoss Protoss
  • Spawn Location: 1:00

orlandus

  • Race: Zerg Zerg
  • Spawn Location: 9:00

SCOOG

  • Race: Zerg Zerg
  • League: Diamond
  • Spawn Location: 7:00

VOD

Have the link to the VOD?

Description

Time

  • Played on: Nov. 25, 2019, 7:51 a.m.
  • Length: 15:05
Show
View Real Time Build Order
Export as new Build Order

llllllllllll Protoss - Winner!

Build Orders:  

Get SALT Encoding   

  12  0:01  Probe  
  13  0:13  Probe  
  14  0:20  Pylon  
  14  0:25  Probe  
  15  0:38  Probe (Chrono Boost)  
  15  0:41  Gateway  
  16  0:48  Probe (Chrono Boost)  
  17  0:53  Assimilator, Probe (Chrono Boost)  
  18  1:02  Assimilator  
  18  1:05  Probe (Chrono Boost)  
  19  1:16  Probe (Chrono Boost)  
  20  1:22  Probe (Chrono Boost)  
  21  1:27  Gateway  
  21  1:30  Cybernetics Core  
  21  1:34  Probe  
  22  1:43  Pylon  
  22  1:46  Probe  
  23  2:04  Stalker (Chrono Boost)  
  23  2:05  Warp Gate (Chrono Boost)  
  25  2:15  Probe  
  26  2:22  Stalker  
  28  2:27  Sentry  
  30  2:31  Pylon  
  30  2:34  Probe  
  31  2:51  Nexus  
  31  3:00  Sentry  
  31  3:01  Sentry  
  31  3:04  Probe  
  36  3:09  Pylon  
  36  3:17  Probe  
  37  3:23  Gateway  
  37  3:36  Twilight Council  
  37  3:38  Forge  
  37  3:42  Probe  
  38  3:56  Probe  
  38  3:57  Robotics Facility  
  38  3:59  Sentry  
  41  4:04  Adept  
  41  4:07  Probe  
  45  4:10  Probe  
  45  4:18  Protoss Ground Weapons Level 1  
  45  4:19  Probe  
  46  4:26  Probe (Chrono Boost)  
  47  4:31  Probe (Chrono Boost)  
  49  4:39  Probe (Chrono Boost)  
  49  4:40  Pylon  
  49  4:43  Probe (Chrono Boost)  
  49  4:45  Probe (Chrono Boost)  
  50  4:46  Observer  
  50  4:47  Probe (Chrono Boost)  
  50  4:51  Charge  
  53  4:53  Probe  
  53  4:57  Assimilator, Probe  
  53  4:58  Assimilator  
  55  5:05  Probe  
  56  5:09  Immortal (Chrono Boost), Probe  
  61  5:19  Pylon  
  61  5:24  Probe x2  
  63  5:36  Probe x2  
  59  5:43  Stalker x2  
  59  5:49  Probe x2  
  61  6:01  Probe x2  
  63  6:08  Nexus  
  63  6:12  Pylon  
  63  6:13  Probe  
  63  6:15  Observer  
  65  6:19  Protoss Ground Weapons Level 2 (Chrono Boost)  
  65  6:21  Probe  
  65  6:25  Robotics Bay, Probe  
  67  6:31  Blink (Chrono Boost)  
  67  6:33  Probe  
  67  6:39  Probe  
  70  6:48  Zealot x2  
  70  6:51  Probe  
  75  7:00  Immortal (Chrono Boost)  
  78  7:17  Zealot x2  
  78  7:19  Probe  
  78  7:21  Probe x2  
  85  7:25  Colossus (Chrono Boost)  
  85  7:29  Stalker  
  93  7:31  Probe  
  93  7:33  Probe x2  
  96  7:38  Extended Thermal Lance  
  96  7:46  Probe x3  
  99  7:57  Pylon  
  99  7:59  Pylon  
  99  8:03  Pylon, Zealot  
  101  8:05  Pylon  
  101  8:22  Colossus (Chrono Boost)  
  101  8:25  Nexus  
  107  8:27  Probe x2  
  107  8:28  Probe  
  107  8:33  Pylon  
  110  8:36  Pylon  
  110  8:39  Probe  
  110  8:41  Protoss Ground Weapons Level 3 (Chrono Boost)  
  111  8:42  Probe x2  
  109  9:20  Pylon  
  109  9:23  Colossus (Chrono Boost)  
  115  9:25  Stalker x3  
  120  9:48  Stalker  
  120  9:49  Stalker x2  
  126  9:54  Nexus  
  126  10:04  Probe x2  
  126  10:05  Probe  
  129  10:10  Colossus (Chrono Boost)  
  135  10:15  Zealot  
  135  10:16  Probe, Zealot x2  
  142  10:39  Stalker x2  
  142  10:40  Stalker  
  148  10:48  Colossus (Chrono Boost)  
  148  10:49  Probe x2  
  150  10:51  Probe  
  157  10:58  Gateway x2  
  157  11:04  Pylon  
  157  11:05  Pylon  
  157  11:06  Probe x2  
  157  11:07  Pylon  
  157  11:10  Stalker  
  157  11:11  Stalker  
  163  11:12  Stalker  
  165  11:20  Probe x2  
  165  11:22  Gateway  
  167  11:31  Gateway x2  
  167  11:34  Warp Prism  
  169  11:43  Stalker x3  
  137  12:10  Colossus (Chrono Boost)  
  137  12:11  Stalker x4  
  137  12:12  Stalker  
  151  12:17  Assimilator x2  
  151  12:20  Stalker  
  151  12:21  Probe x2  
  147  12:33  Probe x2  
  101  12:46  Stalker x4  
  101  12:49  Zealot x4  
  111  13:04  Probe x2  
  113  13:10  Zealot x3  
  113  13:11  Zealot x5  
  129  13:14  Colossus  
  129  13:16  Probe x2  
  135  13:34  Zealot x5  
  135  13:35  Zealot x2  
  135  13:37  Stalker  
  135  14:01  Stalker x4  
  135  14:02  Stalker x3  
  147  14:03  Stalker  
  141  14:24  Stalker  
  141  14:25  Stalker x4  
  141  14:26  Stalker x2  
  141  14:28  Stalker  
  117  15:00  Stalker x4  
  117  15:01  Stalker x3  
  117  15:02  Stalker  
Show
View Real Time Build Order
Export as new Build Order

icarusmaeser Protoss - Winner!

Build Orders: Carriers 

Get SALT Encoding   

  12  0:13  Probe  
  13  0:19  Pylon  
  13  0:25  Probe  
  14  0:37  Probe (Chrono Boost)  
  14  0:39  Forge  
  15  0:49  Probe (Chrono Boost)  
  16  0:53  Probe (Chrono Boost)  
  17  1:04  Probe  
  18  1:13  Photon Cannon  
  18  1:15  Gateway  
  18  1:16  Probe (Chrono Boost)  
  19  1:19  Assimilator  
  19  1:28  Probe (Chrono Boost)  
  19  1:29  Assimilator  
  20  1:34  Probe (Chrono Boost)  
  20  1:39  Pylon  
  21  1:42  Probe  
  22  1:54  Probe  
  22  1:59  Photon Cannon  
  23  2:04  Cybernetics Core  
  23  2:31  Nexus  
  23  2:44  Stargate  
  23  2:50  Shield Battery  
  23  2:52  Probe (Chrono Boost)  
  24  3:04  Probe (Chrono Boost)  
  25  3:09  Stargate  
  26  3:13  Probe (Chrono Boost)  
  26  3:18  Probe  
  26  3:19  Pylon  
  27  3:29  Void Ray (Chrono Boost)  
  31  3:37  Probe  
  32  3:51  Protoss Air Weapons Level 1 (Chrono Boost)  
  32  3:59  Assimilator  
  32  4:01  Void Ray  
  36  4:04  Probe  
  37  4:15  Probe  
  37  4:16  Assimilator, Probe  
  39  4:27  Probe  
  39  4:29  Probe  
  41  4:37  Fleet Beacon  
  41  4:57  Nexus  
  41  5:05  Probe  
  41  5:06  Probe  
  43  5:14  Pylon  
  43  5:18  Probe x2  
  45  5:23  Carrier (Chrono Boost)  
  51  5:32  Pylon  
  51  5:33  Probe  
  58  5:50  Carrier (Chrono Boost)  
  58  5:52  Probe  
  58  5:56  Probe  
  60  6:06  Probe  
  60  6:07  Protoss Air Weapons Level 2 (Chrono Boost)  
  60  6:08  Probe  
  62  6:14  Stargate  
  62  6:22  Probe x3  
  65  6:32  Assimilator  
  65  6:34  Assimilator, Probe x3  
  68  6:43  Shield Battery  
  68  6:45  Photon Cannon  
  68  6:46  Protoss Shields Level 1 (Chrono Boost), Probe  
  69  7:02  Carrier (Chrono Boost)  
  75  7:08  Pylon  
  75  7:10  Probe x2  
  77  7:16  Pylon  
  77  7:25  Probe, Twilight Council  
  77  7:26  Probe  
  77  7:27  Pylon  
  79  7:30  Probe  
  79  7:37  Probe  
  81  7:38  Carrier (Chrono Boost)  
  87  7:51  Probe  
  87  7:52  Probe x2  
  87  7:53  Photon Cannon  
  73  8:15  Nexus  
  73  8:22  Probe  
  73  8:23  Probe  
  75  8:33  Photon Cannon  
  75  8:35  Probe x2  
  75  8:39  Photon Cannon  
  77  8:45  Protoss Air Weapons Level 3 (Chrono Boost)  
  77  8:57  Probe  
  77  8:58  Pylon, Probe  
  77  9:00  Assimilator  
  75  9:17  Carrier (Chrono Boost)  
  81  9:27  Photon Cannon  
  75  9:45  Carrier (Chrono Boost)  
  81  9:51  Carrier (Chrono Boost)  
  86  10:03  Probe  
  87  10:09  Pylon  
  87  10:13  Probe  
  87  10:14  Probe  
  89  10:15  Probe  
  89  10:16  Protoss Shields Level 2 (Chrono Boost), Photon Cannon  
  89  10:17  Assimilator  
  89  10:18  Pylon  
  89  10:21  Photon Cannon  
  90  10:34  Probe x3, Photon Cannon  
  87  11:04  Photon Cannon  
  87  11:07  Nexus  
  87  11:23  Photon Cannon, Carrier (Chrono Boost)  
  87  11:25  Shield Battery  
  87  11:29  Protoss Air Armor Level 1  
  93  11:37  Probe x2  
  93  11:39  Pylon  
  95  11:49  Probe, Carrier  
  102  12:11  Carrier  
  108  12:33  Void Ray  
  112  12:42  Probe x3  
  115  12:46  Pylon  
  115  12:53  Void Ray  
  113  13:09  Probe x3  
  109  13:24  Photon Cannon  
  108  13:27  Pylon  
  108  13:30  Void Ray, Photon Cannon  
  108  13:31  Void Ray  
  108  13:55  Carrier  
  102  14:27  Probe x2  
  104  14:37  Photon Cannon  
  88  14:39  Probe x2  
  84  14:51  Nexus  
Show
View Real Time Build Order
Export as new Build Order

orlandus Zerg 

Build Orders: Hatch First 

Get SALT Encoding   

  12  0:03  Drone  
  13  0:14  Overlord  
  13  0:18  Drone  
  14  0:32  Drone x2  
  16  0:36  Drone  
  17  0:58  Hatchery  
  17  1:01  Drone  
  17  1:02  Drone  
  18  1:18  Extractor, Spawning Pool  
  18  1:23  Drone  
  17  1:35  Drone  
  17  1:36  Drone  
  19  2:02  Drone x3  
  22  2:09  Queen  
  22  2:13  Queen  
  26  2:18  Zergling x4  
  28  2:25  Overlord x2  
  28  2:31  Metabolic Boost  
  28  2:41  Extractor  
  28  3:01  Drone x4  
  28  3:02  Drone  
  28  3:05  Hatchery  
  31  3:13  Queen  
  31  3:19  Drone x2  
  35  3:32  Drone x3  
  38  3:34  Overlord x2  
  38  3:46  Drone x2  
  38  3:47  Drone x3  
  42  4:01  Drone x2  
  44  4:07  Extractor  
  44  4:09  Extractor  
  42  4:10  Queen x2  
  46  4:18  Extractor  
  45  4:24  Zergling x6  
  45  4:25  Zergling x4  
  50  4:36  Drone x3  
  53  4:41  Drone x5  
  58  4:54  Lair  
  58  4:57  Drone  
  58  4:58  Drone x7  
  66  5:00  Overlord  
  66  5:24  Overlord x2  
  66  5:25  Overlord  
  65  5:32  Spore Crawler  
  65  5:34  Drone  
  65  5:35  Drone x7  
  71  5:36  Spore Crawler  
  70  5:46  Queen x2  
  74  5:54  Hydralisk Den  
  74  5:56  Evolution Chamber x2  
  71  6:06  Drone x10  
  81  6:18  Overlord x2  
  81  6:19  Overlord  
  81  6:22  Zerg Missile Weapons Level 1  
  81  6:23  Zerg Ground Armor Level 1  
  81  6:24  Grooved Spines  
  81  6:30  Overlord x2  
  81  6:40  Nydus Network  
  81  6:41  Extractor x2  
  78  7:00  Hydralisk x12  
  102  7:02  Hatchery  
  102  7:17  Hydralisk x2  
  102  7:18  Hydralisk x3  
  112  7:30  Overlord x2  
  112  7:34  Hydralisk  
  112  7:35  Hydralisk x7  
  128  7:41  Nydus Canal  
  128  7:46  Overlord  
  128  7:47  Overlord x2  
  128  8:07  Drone  
  128  8:08  Drone x7  
  136  8:32  Hatchery  
  135  8:35  Nydus Canal, Hydralisk  
  135  8:36  Hydralisk x7  
  135  8:38  Zerg Ground Armor Level 2, Zerg Missile Weapons Level 2, Muscular Augments  
  142  9:11  Spire  
  142  9:12  Nydus Canal  
  141  9:22  Hydralisk x11  
  163  9:31  Extractor  
  162  9:32  Extractor  
  157  9:43  Nydus Canal  
  153  9:52  Spire  
  150  10:07  Infestation Pit  
  149  10:15  Nydus Canal  
  149  10:29  Nydus Canal  
  149  10:37  Overlord x5  
  149  10:39  Overseer  
  149  11:07  Nydus Canal  
  149  11:09  Corruptor, Hive  
  149  11:10  Corruptor x12  
  175  11:13  Zerg Flyer Weapons Level 1  
  175  11:34  Hydralisk  
  175  11:35  Hydralisk x9  
  194  11:49  Zergling x2  
  194  11:50  Zergling x8  
  199  12:20  Zerg Flyer Armor Level 1  
  185  12:33  Corruptor x2  
  185  12:34  Corruptor x11  
  192  12:42  Zergling x6  
  191  12:54  Zerg Melee Weapons Level 1  
  191  12:56  Ultralisk Cavern  
  176  13:00  Queen  
  174  13:08  Corruptor x7  
  174  13:09  Corruptor  
  190  13:22  Hydralisk  
  190  13:23  Hydralisk x4  
  192  13:43  Anabolic Synthesis  
  192  13:46  Hatchery  
  192  13:48  Hatchery  
  157  13:57  Corruptor x12  
  169  14:15  Corruptor x6  
  179  14:21  Ultralisk  
  179  14:22  Ultralisk x3  
Show
View Real Time Build Order
Export as new Build Order

SCOOG Zerg 

Build Orders: Pool First 

Get SALT Encoding   

  12  0:02  Drone  
  13  0:12  Overlord  
  14  0:21  Drone  
  14  0:32  Drone x2  
  16  0:38  Drone  
  17  0:46  Drone  
  18  0:52  Spawning Pool  
  17  1:13  Hatchery  
  17  1:18  Drone  
  17  1:25  Extractor  
  16  1:31  Drone  
  16  1:32  Drone x2  
  19  1:39  Queen  
  21  1:48  Drone  
  22  2:14  Hatchery  
  21  2:24  Queen  
  21  2:25  Lair  
  23  2:30  Overlord  
  23  2:35  Drone  
  23  2:36  Drone  
  25  2:39  Drone  
  26  2:54  Extractor  
  25  2:59  Drone x5  
  25  3:03  Pneumatized Carapace  
  30  3:08  Evolution Chamber  
  29  3:17  Baneling Nest  
  28  3:24  Drone  
  28  3:25  Drone x2  
  28  3:27  Drone  
  32  3:35  Metabolic Boost  
  32  3:47  Zergling x8  
  36  3:56  Overlord  
  36  3:58  Drone x2  
  36  3:59  Drone  
  39  4:12  Baneling x4  
  39  4:20  Drone x6  
  45  4:30  Baneling  
  45  4:31  Baneling x3  
  45  4:33  Overlord  
  45  4:36  Extractor  
  45  4:37  Extractor, Queen  
  45  4:54  Drone x3  
  45  4:55  Drone x6  
  45  4:58  Zerg Missile Weapons Level 1  
  54  5:04  Hydralisk Den  
  54  5:06  Overlord  
  53  5:27  Overlord  
  53  5:29  Queen  
  51  5:55  Grooved Spines  
  51  5:56  Drone x15  
  66  5:57  Queen  
  66  6:01  Queen  
  70  6:10  Overlord x2  
  70  6:28  Queen  
  72  6:36  Extractor x2, Queen  
  72  6:37  Overlord x2  
  72  6:45  Overlord x2  
  72  6:47  Drone x4  
  72  6:48  Drone x3  
  79  7:04  Zerg Missile Weapons Level 2, Hydralisk  
  79  7:05  Hydralisk x5  
  79  7:06  Muscular Augments  
  91  7:14  Overlord x2  
  91  7:25  Overlord  
  91  7:26  Hydralisk x7  
  91  7:27  Hatchery  
  104  7:41  Overlord x2  
  104  7:46  Queen  
  104  7:48  Hatchery  
  104  7:50  Centrifical Hooks  
  105  7:57  Drone x4  
  109  8:05  Overlord x2, Evolution Chamber  
  108  8:10  Infestation Pit  
  107  8:16  Burrow  
  107  8:31  Zerg Ground Armor Level 1  
  107  8:34  Drone x4  
  107  8:35  Drone x12  
  107  8:41  Queen  
  125  8:53  Neural Parasite  
  125  8:56  Hive  
  125  8:58  Infestor x3  
  125  8:59  Infestor x5  
  141  9:35  Extractor  
  141  9:36  Extractor  
  139  9:47  Spore Crawler  
  138  9:58  Overlord x2  
  138  10:07  Hydralisk  
  138  10:08  Hydralisk x21  
  138  10:09  Hatchery  
  138  10:10  Overlord x2  
  138  10:11  Overlord x2  
  179  10:32  Hydralisk x7  
  179  10:33  Hydralisk x2  
  197  11:07  Spire  
  131  12:09  Hydralisk  
  131  12:10  Hydralisk x14  
  131  12:11  Hydralisk x19  
Tags
 
Add a new tag
Caveats
  • Supply blocks, unpowered buildings, or Contaminate may cause inaccurate times.
  • Supply counts are checked every 10 seconds.